 Dungeon Sprint DCSS version 0.17-a0-1210-g1e4f09d (webtiles) character file.

36222 Kidiri the Unseen (level 13, -23/85 HPs)
             Began as a Gargoyle Fire Elementalist on June 4, 2015.
             Was the Champion of Vehumet.
             Killed from afar by a golden dragon (48 damage)
             ... with a bolt of cold
             ... in the Dungeon (Sprint IX: "|||||||||||||||||||||||||||||").
             The game lasted 01:12:45 (8821 turns).

Kidiri the Unseen (Gargoyle Fire Elementalist)      Turns: 8821, Time: 01:12:45

Health: -23/85     AC: 25    Str: 11    XL:     13   Next: 88%
Magic:  10/30      EV: 10    Int: 22    God:    Vehumet [******]
Gold:   1208       SH:  0    Dex: 10    Spells: 9 memorised, 8 levels left

rFire  + + +     SeeInvis +     n - +4 rapier (speed)
rCold  x x .     Clarity  .     E - +1 fire dragon armour
rNeg   + . .     SustAt   .     (no shield)
rPois  ∞         Gourm    .     p - +2 helmet
rElec  +         Spirit   .     (no cloak)
rCorr  .         Warding  .     y - +2 pair of gloves
rMut   .         NoTele   +     o - +0 pair of boots
MR     .....                    (no amulet)
Stlth  ++++......               A - ring of fire
                                B - ring of see invisible

@: not resistant to hostile enchantments, stealthy
A: negative energy resistance 1, electricity resistance, unbreathing,
petrification resistance, rot immunity, AC +9
a: Renounce Religion


You were in the Dungeon.
You worshipped Vehumet.
Vehumet was exalted by your worship.
You were hungry.

You visited 1 branch You collected 1913 gold pieces.
You spent 705 gold pieces at shops.

Inventory:

Hand weapons
 n - a +4 rapier of speed (weapon)
 z - a +4 blowgun
Missiles
 a - 18 javelins of penetration (quivered)
 v - 10 curare-tipped needles
Armour
 o - a +0 pair of boots (worn)
 p - a +2 helmet (worn)
 y - a +2 pair of gloves (worn)
 E - a +1 fire dragon armour (worn)
Jewellery
 q - a +2 ring of evasion
 r - a +2 ring of evasion
 A - a ring of fire (right hand)
 B - a ring of see invisible (left hand)
 C - an uncursed ring of protection from magic
 D - an uncursed ring of protection from fire
Magical devices
 m - a wand of cold (6)
 u - a wand of fireball (6)
Scrolls
 k - 7 scrolls of remove curse
 l - 2 scrolls of amnesia
 s - 4 scrolls of identify
 H - 2 scrolls of recharging
Potions
 d - 4 potions of curing
 F - 3 potions of brilliance
Books
 b - a book of Flames

   Spells                             Type                      Level
   a - Flame Tongue                   Conjuration/Fire             1
   b - Throw Flame                    Conjuration/Fire             2
   c - Conjure Flame                  Conjuration/Fire             3
   d - Inner Flame                    Hexes/Fire                   3
   e - Sticky Flame                   Conjuration/Fire             4
   f - Fireball                       Conjuration/Fire             5
 c - the Catalogue of Battle Magic
   (You acquired it in the Dungeon)

   Spells                             Type                      Level
   a - Shock                          Conjuration/Air              1
   b - Dazzling Spray                 Conjuration/Hexes            3
   c - Force Lance                    Conjuration/Translocation    4
   d - Fulminant Prism                Conjuration/Hexes            4
   e - Conjure Ball Lightning         Conjuration/Air              6
Comestibles
 j - 40 fruits
 w - 12 bread rations
 x - 8 meat rations


   Skills:
 + Level 11.7 Fighting
 + Level 9.4 Dodging
 * Level 16.5 Stealth
 * Level 13.7 Spellcasting
 * Level 15.6 Conjurations
 + Level 8.7 Hexes
 + Level 8.0 Transmutations
 * Level 15.0 Fire Magic
 + Level 6.3 Air Magic
 + Level 9.3 Poison Magic


You had 8 spell levels left.
You knew the following spells:

 Your Spells              Type           Power        Failure   Level  Hunger
a - Flame Tongue          Conj/Fire      #####        1%          1    None
b - Throw Flame           Conj/Fire      ######       1%          2    None
c - Conjure Flame         Conj/Fire      #######.     1%          3    None
d - Inner Flame           Hex/Fire       #######.     1%          3    None
e - Sticky Flame          Conj/Fire      #######.     1%          4    None
f - Ignite Poison         Fire/Trmt/Pois #######.     1%          3    None
g - Fireball              Conj/Fire      #######...   1%          5    ###....
h - Mephitic Cloud        Conj/Pois/Air  ######..     1%          3    None
i - Orb of Destruction    Conj           ######....   17%         7    ######.


Dungeon Overview and Level Annotations

Branches:
Dungeon (1/1)

Altars:
Cheibriados
Dithmenos
Elyvilon
Fedhas
Gozag
Kikubaaqudgha
Makhleb
Nemelex Xobeh
Okawaru
Qazlal
Ru
Sif Muna
Trog
Vehumet
Xom
Yredelemnul
Zin
The Shining One
Beogh
Jiyva
Lugonu

Shops:
D [[?(


Innate Abilities, Weirdness & Mutations

You are resistant to torment.
Your stone body is resilient (AC +9).
You are immune to poison.
You resist negative energy.
You are resistant to electric shocks.
You can survive without breathing.
You are immune to petrification.
You are immune to rotting.


Message History

Here: a golden dragon (flame, lightly wounded, covered in liquid flames, catching its breath)
A spear.
There is something else lying underneath.
An open door to the Dungeon.
Casting: Sticky Flame
Confirm with . or Enter, or press ? or * to list all spells.
The spell is very dangerous to cast!
Continue anyway?
Aiming: Orb of Destruction
Press: ? - help, Shift-Dir - straight line, f/p - golden dragon
Aim: a golden dragon (flame, lightly wounded, covered in liquid flames, catching its breath)
The wavering orb of destruction weakly hits the golden dragon.
The golden dragon is moderately wounded.
You are feeling hungry.
The golden dragon burns!
The polar bear is engulfed in roaring flames.
The golden dragon is engulfed in roaring flames.
The golden dragon breathes cold at you. The bolt of cold hits you!
You feel a terrible chill!
Ouch! That really hurt!
You die...

▓▓▓▓▓▓▓▓▓▓▓▓▓▓▓▓▓▓▓▓▓▓▓▓
................@DhiV.CG
.▓▓▓▓▓▓▓▓▓▓▓▓▓▓▓▓▓▓▓▓▓▓▓▓▓▓▓▓▓▓▓▓
.................................
▓▓▓▓▓▓▓▓▓▓▓▓▓▓▓▓▓▓▓▓▓▓▓▓▓♣♣♣♣♣♣♣♣
........)..).()(.........'....)..
.▓▓▓▓▓▓▓▓▓▓▓▓▓▓▓▓▓▓▓▓▓▓▓▓♣♣♣♣♣♣♣♣
....)......................÷.....
▓▓▓▓▓▓▓▓▓▓▓▓▓▓▓▓▓▓▓▓▓▓▓▓▓▓▓▓▓▓▓▓▓
.........'.....)))))))).[.[[[[[[.


You could see a golden dragon (burning), a vampire knight, an ettin, a giant
orange brain, a spriggan berserker and a polar bear (berserk).

Vanquished Creatures
  A greater naga (D)
  Maud (D)
  A frost giant (D)
  A very ugly thing (D)
  A ghost moth (D)
  Erolcha (D)
  2 merfolk javelineers (D)
  2 ogre magi (D)
  An ettin (D)
  A hydra (D)
  A great orb of eyes (D)
  A naga warrior (D)
  An entropy weaver (D)
  A catoblepas (D)
  2 tengu warriors (D)
  A deep troll earth mage (D)
  Urug (D)
  Sonja (D)
  3 deep trolls (D)
  5 hill giants (D)
  A lindwurm (D)
  An unseen horror (D)
  3 orc knights (D)
  A hornet (D)
  An ugly thing (D)
  An orc sorcerer (D)
  2 wolf spiders (D)
  2 griffons (D)
  A water nymph (D)
  5 black mambas (D)
  A naga mage (D)
  A siren (D)
  A guardian serpent (D)
  A spiny frog (shapeshifter) (D)
  A komodo dragon (D)
  3 spiny frogs (D)
  A demonic crawler (D)
  A fire drake (D)
  A blink frog (D)
  2 merfolk (D)
  4 trolls (D)
  2 bog bodies (D)
  2 slime creatures (D)
  A raven (D)
  A shadow (D)
  3 trapdoor spiders (D)
  A snapping turtle (D)
  A redback (D)
  A deep elf mage (D)
  Eustachio (D)
  A water elemental (D)
  2 hippogriffs (D)
  2 vampire mosquitoes (D)
  A hungry ghost (D)
  2 water moccasins (D)
  2 porcupines (D)
  A spider (D)
  11 orc warriors (D)
  A boggart (D)
  3 crocodiles (D)
  A giant frog (D)
  3 brain worms (D)
  A killer bee (D)
  3 orc priests (D)
  A hound (D)
  3 orc wizards (D)
  An iguana (D)
  2 worker ants (D)
  An adder (D)
  An adder skeleton (D)
  4 worms (D)
  7 orcs (D)
  A bat skeleton (D)
  A giant cockroach (D)
  2 hobgoblins (D)
  2 kobolds (D)
  A bat (D)
  2 giant gecko skeletons (D)
  A giant newt (D)
  4 goblins (D)
  4 rats (D)
149 creatures vanquished.

Vanquished Creatures (others)
  A water moccasin (D)
  A river rat (D)
  A fungus (D)
  A plant (D)
4 creatures vanquished.

Grand Total: 153 creatures vanquished

Notes
Turn   | Place    | Note
--------------------------------------------------------------
     0 | D        | Kidiri the Gargoyle Fire Elementalist began the quest for the Orb.
     0 | D        | Reached XP level 1. HP: 10/10 MP: 3/3
    33 | D        | Reached skill level 1 in Fighting
    77 | D        | Noticed a worker ant
    88 | D        | Reached XP level 2. HP: 13/16 MP: 1/5
   138 | D        | Learned a level 2 spell: Throw Flame
   162 | D        | Killed a worker ant
   162 | D        | Reached skill level 4 in Fire Magic
   162 | D        | Reached XP level 3. HP: 14/21 MP: 0/7
   167 | D        | Learned a level 3 spell: Conjure Flame
   244 | D        | Found a glowing silver altar of Zin.
   244 | D        | Found a glowing golden altar of the Shining One.
   244 | D        | Found an ancient bone altar of Kikubaaqudgha.
   244 | D        | Found a basalt altar of Yredelemnul.
   244 | D        | Found a shimmering altar of Xom.
   244 | D        | Found a radiant altar of Vehumet.
   245 | D        | Found an iron altar of Okawaru.
   246 | D        | Found a burning altar of Makhleb.
   247 | D        | Found a deep blue altar of Sif Muna.
   248 | D        | Found a bloodstained altar of Trog.
   249 | D        | Found a sparkling altar of Nemelex Xobeh.
   250 | D        | Found a white marble altar of Elyvilon.
   251 | D        | Found a roughly hewn altar of Beogh.
   252 | D        | Became a worshipper of Vehumet
   253 | D        | Found a viscous altar of Jiyva.
   254 | D        | Found a corrupted altar of Lugonu.
   255 | D        | Found a blossoming altar of Fedhas.
   256 | D        | Found a snail-covered altar of Cheibriados.
   257 | D        | Found a shadowy altar of Dithmenos.
   258 | D        | Found a stormy altar of Qazlal.
   259 | D        | Found an opulent altar of Gozag.
   260 | D        | Found a sacrificial altar of Ru.
   300 | D        | Noticed a killer bee
   300 | D        | Noticed a worker ant
   309 | D        | Killed a killer bee
   309 | D        | Acquired Vehumet's first power
   309 | D        | Offered knowledge of Freeze by Vehumet.
   309 | D        | Reached XP level 4. HP: 20/27 MP: 1/10
   382 | D        | Learned a level 3 spell: Inner Flame
   391 | D        | Reached skill level 5 in Fire Magic
   395 | D        | Killed a worker ant
   398 | D        | Reached skill level 5 in Conjurations
   480 | D        | Noticed an iguana
   480 | D        | Noticed a deep elf mage
   480 | D        | Noticed an orc warrior
   480 | D        | Noticed a hound
   490 | D        | Killed an iguana
   490 | D        | Offered knowledge of Throw Frost by Vehumet.
   490 | D        | Reached XP level 5. HP: 32/32 MP: 1/12
   518 | D        | Killed a deep elf mage
   518 | D        | Reached skill level 5 in Stealth
   518 | D        | Reached skill level 5 in Spellcasting
   518 | D        | Reached skill level 6 in Conjurations
   518 | D        | Reached XP level 6. HP: 30/39 MP: 4/14
   520 | D        | Killed an orc warrior
   520 | D        | Acquired Vehumet's second power
   536 | D        | Killed a hound
   536 | D        | Reached skill level 7 in Conjurations
   542 | D        | Learned a level 4 spell: Sticky Flame
   764 | D        | Noticed a komodo dragon
   764 | D        | Noticed a water moccasin
   764 | D        | Noticed a porcupine
   764 | D        | Noticed a water moccasin
   764 | D        | Noticed a crocodile
   764 | D        | Noticed a crocodile
   770 | D        | Killed a komodo dragon
   770 | D        | Offered knowledge of Ignite Poison by Vehumet.
   770 | D        | Reached skill level 5 in Fighting
   770 | D        | Reached skill level 8 in Conjurations
   770 | D        | Reached XP level 7. HP: 42/44 MP: 13/17
   781 | D        | Killed a water moccasin
   781 | D        | Killed a porcupine
   781 | D        | Acquired Vehumet's third power
   801 | D        | Learned a level 3 spell: Ignite Poison
   908 | D        | Killed a water moccasin
   908 | D        | Offered knowledge of Airstrike by Vehumet.
   908 | D        | Reached XP level 8. HP: 41/51 MP: 9/19
   913 | D        | Killed a crocodile
   913 | D        | Reached skill level 1 in Poison Magic
   931 | D        | Killed a crocodile
   931 | D        | Reached skill level 5 in Dodging
   931 | D        | Reached skill level 1 in Hexes
   931 | D        | Reached skill level 1 in Transmutations
   943 | D        | Noticed a porcupine
   944 | D        | Noticed a fire drake
   964 | D        | Learned a level 5 spell: Fireball
  1219 | D        | Killed a porcupine
  1219 | D        | Offered knowledge of Mephitic Cloud by Vehumet.
  1219 | D        | Reached skill level 9 in Conjurations
  1253 | D        | Killed a fire drake
  1280 | D        | Noticed a blink frog
  1290 | D        | HP: 1/52 [blink frog (5)]
  1295 | D        | Killed a blink frog
  1566 | D        | Noticed a water moccasin
  1566 | D        | Noticed a hippogriff
  1566 | D        | Noticed a spiny frog
  1566 | D        | Noticed a giant frog
  1566 | D        | Noticed a catoblepas
  1581 | D        | Killed a water moccasin
  1581 | D        | Reached XP level 9. HP: 56/56 MP: 3/21
  1689 | D        | Learned a level 3 spell: Mephitic Cloud
  1698 | D        | Killed a catoblepas
  1698 | D        | Offered knowledge of Fulminant Prism by Vehumet.
  1698 | D        | Reached skill level 10 in Stealth
  1698 | D        | Reached skill level 10 in Conjurations
  1704 | D        | Noticed a hippogriff
  1854 | D        | Killed a hippogriff
  1870 | D        | Killed a spiny frog
  1870 | D        | Reached skill level 10 in Fire Magic
  1985 | D        | Killed a giant frog
  1992 | D        | Killed a hippogriff
  2060 | D        | Noticed a crocodile
  2070 | D        | Killed a crocodile
  2091 | D        | Noticed a spiny frog
  2101 | D        | Killed a spiny frog
  2101 | D        | Reached XP level 10. HP: 42/63 MP: 14/23
  2225 | D        | Noticed a brain worm
  2225 | D        | Noticed a brain worm
  2225 | D        | Noticed a lindwurm
  2225 | D        | Noticed a brain worm
  2231 | D        | Killed a brain worm
  2234 | D        | Killed a brain worm
  2241 | D        | Killed a lindwurm
  2241 | D        | Offered knowledge of Spellforged Servitor by Vehumet.
  2241 | D        | Reached skill level 11 in Stealth
  2408 | D        | Killed a brain worm
  2740 | D        | Noticed Eustachio
  2749 | D        | Killed Eustachio
  2883 | D        | Noticed an orc knight
  2883 | D        | Noticed an orc warrior
  2883 | D        | Noticed an orc priest
  2883 | D        | Noticed an orc priest
  2889 | D        | Noticed an orc wizard
  2891 | D        | Killed an orc knight
  2898 | D        | Killed an orc warrior
  2898 | D        | Killed an orc priest
  2900 | D        | Killed an orc priest
  2902 | D        | Killed an orc wizard
  2904 | D        | Offered knowledge of Freezing Cloud by Vehumet.
  2907 | D        | Noticed an orc wizard
  2909 | D        | Noticed an orc priest
  2911 | D        | Killed an orc wizard
  2914 | D        | Killed an orc priest
  3035 | D        | Noticed an orc warrior
  3035 | D        | Noticed an orc warrior
  3035 | D        | Noticed an orc sorcerer
  3035 | D        | Noticed an orc warrior
  3035 | D        | Noticed an orc wizard
  3035 | D        | Noticed an orc warrior
  3040 | D        | Killed an orc warrior
  3040 | D        | Reached skill level 10 in Spellcasting
  3042 | D        | Noticed an orc knight
  3045 | D        | Noticed an orc warrior
  3045 | D        | Killed an orc sorcerer
  3045 | D        | Reached skill level 5 in Poison Magic
  3049 | D        | Noticed an orc warrior
  3051 | D        | Killed an orc warrior
  3077 | D        | Killed an orc knight
  3082 | D        | Killed an orc warrior
  3329 | D        | Killed an orc warrior
  3329 | D        | Offered knowledge of Poison Arrow by Vehumet.
  3425 | D        | Killed an orc warrior
  3536 | D        | Killed an orc warrior
  3588 | D        | Noticed an orc warrior
  3651 | D        | Killed an orc warrior
  3651 | D        | Reached skill level 12 in Stealth
  3731 | D        | Noticed an orc warrior
  3738 | D        | Killed an orc warrior
  3888 | D        | Noticed an orc warrior
  3902 | D        | Killed an orc warrior
  3979 | D        | Killed an orc wizard
  4049 | D        | Found Sughoaha's Armour Emporium.
  4049 | D        | Noticed a troll
  4049 | D        | Noticed an ettin
  4049 | D        | Noticed a troll
  4049 | D        | Noticed a troll
  4049 | D        | Noticed a hill giant
  4051 | D        | Noticed an ogre mage
  4056 | D        | Killed a troll
  4056 | D        | Offered knowledge of Delayed Fireball by Vehumet.
  4056 | D        | Reached XP level 11. HP: 61/69 MP: 15/25
  4060 | D        | Killed an ettin
  4060 | D        | Reached skill level 5 in Hexes
  4060 | D        | Reached skill level 1 in Air Magic
  4063 | D        | Killed a troll
  4064 | D        | Noticed a deep troll
  4067 | D        | Killed a troll
  4073 | D        | Killed a hill giant
  4113 | D        | Killed an ogre mage
  4113 | D        | Reached skill level 5 in Transmutations
  4235 | D        | Killed a deep troll
  4235 | D        | Offered knowledge of Orb of Destruction by Vehumet.
  4357 | D        | Noticed a hill giant
  4366 | D        | Killed a hill giant
  4366 | D        | Reached skill level 13 in Stealth
  4472 | D        | Found Vediph's Antique Armour Shoppe.
  4476 | D        | Found Wegheymn's Magic Scroll Emporium.
  4480 | D        | Found Icwiegom's Antique Weapon Shoppe.
  4482 | D        | Noticed a deep troll
  4483 | D        | Noticed a troll
  4484 | D        | Noticed a hill giant
  4485 | D        | Noticed a hill giant
  4486 | D        | Noticed a deep troll
  4504 | D        | Killed a deep troll
  4505 | D        | Killed a troll
  4508 | D        | HP: 3/71 [hill giant/giant spiked club (27)]
  4508 | D        | Killed a hill giant
  4735 | D        | Killed a hill giant
  4990 | D        | Killed a deep troll
  4999 | D        | Learned a level 7 spell: Orb of Destruction
  5129 | D        | Bought a scroll of identify for 20 gold pieces
  5129 | D        | Bought a scroll of identify for 20 gold pieces
  5129 | D        | Bought a scroll of identify for 20 gold pieces
  5129 | D        | Bought a scroll of acquirement for 520 gold pieces
  5129 | D        | Bought a scroll of remove curse for 30 gold pieces
  5129 | D        | Bought a scroll of identify for 20 gold pieces
  5129 | D        | Bought a scroll of blinking for 75 gold pieces
  5133 | D        | Identified the Catalogue of Battle Magic (You acquired it in the Dungeon)
  5172 | D        | Noticed Erolcha
  5183 | D        | Killed Erolcha
  5183 | D        | Offered knowledge of Bolt of Fire by Vehumet.
  5276 | D        | Noticed Sonja
  5284 | D        | Killed Sonja
  5284 | D        | Reached XP level 12. HP: 75/77 MP: 16/27
  5541 | D        | Noticed a griffon
  5541 | D        | Noticed a vampire mosquito
  5541 | D        | Noticed an orc knight
  5541 | D        | Noticed a hungry ghost
  5541 | D        | Noticed a spiny frog
  5541 | D        | Noticed a hill giant
  5546 | D        | Noticed an unseen horror
  5552 | D        | Killed a griffon
  5553 | D        | Killed a vampire mosquito
  5561 | D        | Killed an orc knight
  5562 | D        | Killed a hungry ghost
  5562 | D        | Killed a spiny frog
  5562 | D        | Reached skill level 14 in Stealth
  5566 | D        | Noticed a shadow
  5566 | D        | Killed a hill giant
  5569 | D        | Killed an unseen horror
  5569 | D        | Offered knowledge of Lehudib's Crystal Spear by Vehumet.
  5569 | D        | Offered knowledge of Fire Storm by Vehumet.
  5569 | D        | Offered knowledge of Chain Lightning by Vehumet.
  5569 | D        | Reached skill level 10 in Fighting
  5586 | D        | Killed a shadow
  5717 | D        | Noticed a purple ugly thing
  5718 | D        | Noticed a slime creature
  5720 | D        | Noticed an entropy weaver
  5721 | D        | Noticed a cyan very ugly thing
  5722 | D        | Noticed a frost giant
  5727 | D        | Noticed a boggart
  5728 | D        | Killed a purple ugly thing
  5729 | D        | Noticed a slime creature
  5734 | D        | Killed a slime creature
  6049 | D        | Killed an entropy weaver
  6060 | D        | Killed a cyan very ugly thing
  6060 | D        | Killed a frost giant
  6067 | D        | Killed a slime creature
  6077 | D        | Killed a boggart
  6281 | D        | Noticed a redback
  6281 | D        | Noticed a wolf spider
  6281 | D        | Noticed a wolf spider
  6281 | D        | Noticed a spider
  6285 | D        | Killed a redback
  6289 | D        | Killed a wolf spider
  6294 | D        | Killed a wolf spider
  6296 | D        | Killed a spider
  6419 | D        | Noticed a demonic crawler
  6420 | D        | Noticed a ghost moth
  6425 | D        | Noticed a trapdoor spider
  6440 | D        | Killed a trapdoor spider
  6447 | D        | Killed a demonic crawler
  6941 | D        | Killed a ghost moth
  6941 | D        | Reached skill level 15 in Stealth
  7143 | D        | Noticed a trapdoor spider
  7144 | D        | Noticed a trapdoor spider
  7147 | D        | Killed a trapdoor spider
  7149 | D        | Killed a trapdoor spider
  7197 | D        | Noticed a spiny frog
  7197 | D        | Noticed a hornet
  7197 | D        | Noticed a bog body
  7197 | D        | Noticed a bog body
  7197 | D        | Noticed a vampire mosquito
  7202 | D        | Noticed a raven
  7204 | D        | Killed a hornet
  7205 | D        | Noticed a seven-headed hydra
  7207 | D        | Killed a vampire mosquito
  7209 | D        | Killed a spiny frog
  7209 | D        | Reached XP level 13. HP: 29/83 MP: 12/29
  7211 | D        | Killed a bog body
  7264 | D        | Killed a seven-headed hydra
  7264 | D        | Reached skill level 5 in Air Magic
  7428 | D        | Killed a bog body
  7505 | D        | Killed a raven
  7619 | D        | Noticed a black mamba
  7619 | D        | Noticed a black mamba
  7619 | D        | Noticed a black mamba
  7619 | D        | Noticed a black mamba
  7619 | D        | Noticed a guardian serpent
  7619 | D        | Noticed a naga warrior
  7624 | D        | Killed a black mamba
  7627 | D        | Killed a black mamba
  7628 | D        | Noticed a naga mage
  7629 | D        | Noticed a black mamba
  7629 | D        | Killed a guardian serpent
  7632 | D        | Killed a black mamba
  7632 | D        | Killed a black mamba
  7633 | D        | Noticed a greater naga
  7640 | D        | Killed a black mamba
  7659 | D        | Killed a greater naga
  7820 | D        | Killed a naga warrior
  7899 | D        | Killed a naga mage
  7941 | D        | Noticed a merfolk javelineer
  7941 | D        | Noticed a snapping turtle
  7941 | D        | Noticed a merfolk javelineer
  7941 | D        | Noticed a water elemental
  7941 | D        | Noticed a water nymph
  7941 | D        | Noticed a griffon
  7950 | D        | Killed a merfolk javelineer
  7950 | D        | Reached skill level 15 in Conjurations
  7952 | D        | Killed a snapping turtle
  7955 | D        | Killed a water elemental
  7959 | D        | Killed a merfolk javelineer
  7959 | D        | Killed a water nymph
  7965 | D        | Noticed a siren
  7965 | D        | Killed a griffon
  7965 | D        | Reached skill level 16 in Stealth
  8179 | D        | Noticed a merfolk
  8188 | D        | Killed a merfolk
  8216 | D        | Noticed a merfolk
  8232 | D        | Killed a merfolk
  8260 | D        | Killed a siren
  8421 | D        | Noticed Maud
  8444 | D        | Killed Maud
  8494 | D        | Noticed Urug
  8504 | D        | Killed Urug
  8804 | D        | Noticed an ogre mage
  8804 | D        | Noticed a great orb of eyes
  8804 | D        | Noticed a tengu warrior
  8804 | D        | Noticed a tengu warrior
  8804 | D        | Noticed a deep troll earth mage
  8804 | D        | Noticed a spriggan berserker
  8810 | D        | Killed an ogre mage
  8810 | D        | Killed a tengu warrior
  8811 | D        | Noticed a golden dragon
  8815 | D        | Killed a great orb of eyes
  8815 | D        | Killed a tengu warrior
  8817 | D        | Noticed a vampire knight
  8819 | D        | Noticed an ettin
  8819 | D        | Killed a deep troll earth mage
  8819 | D        | Reached skill level 15 in Fire Magic
  8821 | D        | Noticed a giant orange brain
  8821 | D        | Killed from afar by a golden dragon

Vault maps used:
D:        linesprint

Action                   |  1- 3 |  4- 6 |  7- 9 | 10-12 | 13-15 || total
-------------------------+-------+-------+-------+-------+-------++-------
Melee: Unarmed           |    19 |       |       |       |       ||    19
       Rapier            |     5 |    29 |    56 |   130 |    16 ||   236
 Fire: Blowgun           |       |       |       |     1 |     3 ||     4
 Cast: Flame Tongue      |    13 |    18 |    48 |   127 |    39 ||   245
       Throw Flame       |     1 |    10 |     3 |     9 |     3 ||    26
       Conjure Flame     |     1 |     3 |     6 |    58 |    24 ||    92
       Inner Flame       |       |     1 |     3 |     3 |     2 ||     9
       Ignite Poison     |       |       |     3 |     4 |    10 ||    17
       Sticky Flame      |       |       |     8 |    26 |    13 ||    47
       Mephitic Cloud    |       |       |     1 |    34 |    15 ||    50
       Fireball          |       |       |       |     5 |     3 ||     8
       Orb of Destructio |       |       |       |       |     1 ||     1
Evoke: Wand              |       |       |       |     1 |       ||     1
  Use: Potion            |       |     3 |     5 |    11 |     1 ||    20
       Scroll            |       |     1 |       |    14 |       ||    15
 Stab: Invisible         |       |       |     1 |       |       ||     1
       Confused          |       |       |       |     5 |       ||     5
       Sleeping          |       |       |       |       |     1 ||     1
  Eat: Chunk             |       |       |     3 |     1 |     1 ||     5
       Bread ration      |       |       |     1 |       |       ||     1
       Meat ration       |       |       |       |     4 |       ||     4
